 Dungeon Crawl Stone Soup version 0.30.0-20-g3615ddf2f0 (webtiles) character file.

Game seed: 7973745434040682316

539 qw the Chopper (level 7, 0/44 HPs)
             Began as a Gargoyle Fighter on May 31, 2023.
             Slain by an orc
             ... wielding a +0 falchion
              (1 damage)
             ... on level 5 of the Dungeon.
             The game lasted 00:01:57 (3832 turns).

qw the Chopper (Gargoyle Fighter)                   Turns: 3832, Time: 00:01:58

Health: 0/44       AC: 13    Str: 21    XL:     7   Next: 26%
Magic:  7/7        EV:  8    Int:  9    God:
Gold:   372        SH:  4    Dex:  9    Spells: 6/6 levels left

rFire   . . .        Y - +2 war axe
rCold   . . .        c - +0 buckler
rNeg    + . .        l - +0 chain mail
rPois   inf          (no helmet)
rElec   +            (no cloak)
rCorr   .            (no gloves)
SInv    .            (no boots)
Will    .....        (no amulet) Stlth
                     (no ring)
HPRegen 0.27/turn    (no ring)
MPRegen 0.10/turn

%: no passive effects
@: no status effects
A: sickness immunity, AC +4, negative energy resistance 1, electricity
resistance, torment resistance 1, petrification resistance
a: no special abilities


You were on level 5 of the Dungeon.
You visited 2 branches of the dungeon, and saw 6 of its levels.

You collected 372 gold pieces.


Innate Abilities, Weirdness & Mutations

You are immune to sickness and miasma.
Your stone body is resilient. (AC +4)
You are immune to poison.
You resist negative energy. (rN+)
You are resistant to electric shocks. (rElec)
You are resistant to unholy torment.
You are immune to petrification.


   Skills:
 - Level 4.7 Fighting
 + Level 6.0 Axes
 - Level 3.2 Armour
 - Level 1.6 Dodging
 - Level 3.2 Shields


You had 6 spell levels left.
You didn't know any spells.
Your spell library was empty.

Inventory:

Hand Weapons
 g - a +0 flail
 Y - a +2 war axe (weapon)
Armour
 c - a +0 buckler (worn)
 l - a +0 chain mail (worn)
 n - a +0 pair of boots
Scrolls
 a - 3 scrolls of teleportation
 h - 2 scrolls of identify
 j - a scroll of amnesia {unknown}
Potions
 b - a potion of ambrosia {unknown}
 d - 2 potions of might
 e - a potion of cancellation
 f - 3 potions of curing
 i - a potion of resistance {unknown}
 k - 2 potions of lignification
 m - a potion of haste
 o - a potion of flight {unknown}

Dungeon Overview and Level Annotations

Branches:
Dungeon (5/15)             Temple (1/1) D:4

Altars:
Ashenzari
Cheibriados
Dithmenos
Fedhas
Hepliaklqana
Ru
Sif Muna
Uskayaw
Xom
Zin


Message History

You slash the ice beast!
The ice beast is almost dead.
The ice beast hits you but does no damage.
You hit the ice beast but do no damage.
The ice beast is severely wounded.
The ice beast hits you but does no damage. x2
You barely miss the ice beast.
The ice beast is severely wounded.
You block the ice beast's attack.
You hit the ice beast.
The ice beast is almost dead.
The ice beast completely misses you.
You hit the ice beast.
You kill the ice beast!
Your Dodging skill increases to level 1!
A two-headed ogre comes into view. It is wielding two +0 giant clubs.
The two-headed ogre shouts in stereo!
You hear a shout!
An orc comes into view. It is wielding a +0 falchion.
You hear two shouts!
Enter note:
Enter note:
Enter note:
Enter note:
Enter note:
Enter note: A two-headed ogre comes into view.
It is wielding two +0 giant clubs.
A scorpion comes into view.
You hit the two-headed ogre.
The two-headed ogre is lightly wounded.
The two-headed ogre hits you with a +0 giant club!!
Ouch! That really hurt!
The two-headed ogre hits you with a +0 giant club.
You barely miss the two-headed ogre.
The two-headed ogre is lightly wounded.
You hit the orc. The orc barely misses you.
The two-headed ogre hits you with a +0 giant club!
The two-headed ogre hits you but does no damage.
The orc hits you with a +0 falchion.
You die...

#......h...............
.##.....###.#.##.........
.........................
..........[......#.######
.................#.#
>##.....##.........#
........##..########
.##.....##..####
........@.......
........oO...##.
.............#
.##..#..##.O..# ........
.s.## .##...... ...#
...#### #.# ... ..


You could see 2 two-headed ogres, a scorpion and an orc.

Vanquished Creatures
  A black bear (D:5)
  An ice beast (D:5)
  A phantom (D:4)
  A scorpion (D:4)
  2 iguanas (D:4)
  An orc wizard (D:5)
  3 adders
  3 gnolls (D:3)
  3 worms
  A dart slug (D:5)
  7 orcs
  4 ball pythons
  13 endoplasms
  4 giant cockroaches
  6 goblins
  8 hobgoblins
  2 jackals (D:1)
  2 quokkas
  6 bats
  A frilled lizard (D:2)
  6 kobolds
  9 rats
85 creatures vanquished.

Notes
Turn   | Place    | Note
-------+----------+-------------------------------------------
     0 | D:1      | qw the Gargoyle Fighter began the quest for the Orb.
     0 | D:1      | Reached XP level 1. HP: 14/14 MP: 1/1
     0 | D:1      | 0 ||| qw: Version: 0.2-a-102-gfc559e5
     0 | D:1      | 0 ||| qw: Game counter: 614
     0 | D:1      | 0 ||| qw: Always use a shield: true
     0 | D:1      | 0 ||| qw: God list: Okawaru
     0 | D:1      | 0 ||| qw: Allow faded altars: false
     0 | D:1      | 0 ||| qw: Do Orc after D:15 true
     0 | D:1      | 0 ||| qw: Do second Lair branch before Depths: true
     0 | D:1      | 0 ||| qw: Lair rune preference: random
     0 | D:1      | 0 ||| qw: Plans: Normal, Zot:1-4, Slime:5, God:TSO, Crypt,
                  | Tomb, Pan, Hells, Abyss, Win
     0 | D:1      | 0 ||| PLANNING D:1-11
    30 | D:1      | Reached skill level 2 in Axes
   154 | D:1      | Reached XP level 2. HP: 16/19 MP: 2/2
   349 | D:1      | 349 ||| DROPPING +0 club.
   438 | D:1      | Reached skill level 3 in Axes
   535 | D:1      | Reached XP level 3. HP: 20/23 MP: 3/3
   606 | D:1      | 606 ||| READING scroll labelled LIUNTO KICIAGH.
   611 | D:1      | 611 ||| READING scroll labelled LENGOTIDIU.
   612 | D:1      | 612 ||| READING scroll labelled BICRUA POIMP.
   613 | D:1      | 613 ||| DRINKING 3 fuming red potions.
   645 | D:2      | 645 ||| STAIRDANCE
   661 | D:2      | 661 ||| STAIRDANCE
   712 | D:2      | 712 ||| READING scroll of enchant weapon.
   712 | D:2      | 712 ||| ENCHANTING +1 war axe.
   921 | D:2      | Found a blossoming altar of Fedhas.
  1135 | D:2      | Identified the +7 lajatang "Ydahuill" {flame, Str+5 Stlth-}
  1409 | D:2      | 1409 ||| READING scroll labelled KILASY MATOIT.
  1410 | D:2      | 1410 ||| READING scroll labelled YPOUGHI DEESUMI.
  1411 | D:2      | 1411 ||| READING scroll labelled CEPTISINOS.
  1412 | D:2      | 1412 ||| READING scroll labelled WANESY WYFUTEU.
  1413 | D:2      | 1413 ||| READING scroll labelled PEGILLITIM.
  1414 | D:2      | 1414 ||| READING 3 scrolls of identify.
  1414 | D:2      | 1414 ||| IDENTIFYING bubbling ruby potion
  1415 | D:2      | 1415 ||| READING 2 scrolls of identify.
  1415 | D:2      | 1415 ||| IDENTIFYING lumpy brown potion
  1441 | D:3      | 1441 ||| Stepping ~*~*~tactically~*~*~ (stealth).
  1453 | D:3      | 1453 ||| Stepping ~*~*~tactically~*~*~ (hiding).
  1460 | D:3      | Reached XP level 4. HP: 28/28 MP: 4/4
  1622 | D:3      | Reached skill level 4 in Axes
  1687 | D:3      | 1687 ||| Stepping ~*~*~tactically~*~*~ (stealth).
  1688 | D:3      | 1688 ||| Stepping ~*~*~tactically~*~*~ (stealth).
  1689 | D:3      | 1689 ||| Stepping ~*~*~tactically~*~*~ (stealth).
  1702 | D:3      | 1702 ||| DROPPING +0 whip.
  1703 | D:3      | 1703 ||| Stepping ~*~*~tactically~*~*~ (stealth).
  1799 | D:3      | 1799 ||| Stepping ~*~*~tactically~*~*~ (stealth).
  2011 | D:3      | 2011 ||| Stepping ~*~*~tactically~*~*~ (stealth).
  2255 | D:3      | Reached XP level 5. HP: 32/32 MP: 5/5
  2430 | D:3      | 2430 ||| UPGRADING to +0 chain mail.
  2440 | D:3      | 2440 ||| DROPPING +0 scale mail.
  2441 | D:3      | 2441 ||| READING scroll labelled SUTEMAQ GEERO.
  2542 | D:3      | 2542 ||| READING 2 scrolls of identify.
  2542 | D:3      | 2542 ||| IDENTIFYING cyan potion
  2543 | D:3      | 2543 ||| DROPPING potion of invisibility.
  2627 | D:4      | Found a shimmering blue altar of Sif Muna.
  2704 | D:4      | 2704 ||| Stepping ~*~*~tactically~*~*~ (stealth).
  2716 | D:4      | Reached skill level 5 in Axes
  2785 | D:4      | 2785 ||| Stepping ~*~*~tactically~*~*~ (hiding).
  3097 | D:4      | Found a staircase to the Ecumenical Temple.
  3098 | D:4      | 3098 ||| PLANNING TEMPLE
  3098 | D:4      | 3098 ||| READING 2 scrolls of identify.
  3098 | D:4      | 3098 ||| IDENTIFYING grey potion
  3116 | D:4      | Reached XP level 6. HP: 39/39 MP: 6/6
  3119 | Temple   | Entered the Ecumenical Temple
  3233 | Temple   | 3233 ||| PLANNING D:1-11
  3263 | D:4      | Found a sacrificial altar of Ru.
  3455 | D:4      | Found a shadowy altar of Dithmenos.
  3536 | D:4      | 3536 ||| READING scroll labelled QUICIOM ZUQUMA.
  3576 | D:5      | Entered Level 5 of the Dungeon
  3610 | D:5      | 3610 ||| Stepping ~*~*~tactically~*~*~ (hiding).
  3631 | D:5      | 3631 ||| Stepping ~*~*~tactically~*~*~ (stealth).
  3635 | D:5      | 3635 ||| Stepping ~*~*~tactically~*~*~ (stealth).
  3636 | D:5      | 3636 ||| Stepping ~*~*~tactically~*~*~ (stealth).
  3637 | D:5      | 3637 ||| Stepping ~*~*~tactically~*~*~ (stealth).
  3639 | D:5      | 3639 ||| Stepping ~*~*~tactically~*~*~ (hiding).
  3640 | D:5      | 3640 ||| Stepping ~*~*~tactically~*~*~ (hiding).
  3731 | D:5      | Noticed a black bear
  3732 | D:5      | 3732 ||| Stepping ~*~*~tactically~*~*~ (stealth).
  3735 | D:5      | 3735 ||| Stepping ~*~*~tactically~*~*~ (stealth).
  3737 | D:5      | 3737 ||| Stepping ~*~*~tactically~*~*~ (hiding).
  3743 | D:5      | Killed a black bear
  3744 | D:5      | Reached skill level 6 in Axes
  3744 | D:5      | Reached XP level 7. HP: 28/44 MP: 7/7
  3825 | D:5      | Reached skill level 1 in Dodging
  3825 | D:5      | Noticed a two-headed ogre
  3828 | D:5      | Noticed a two-headed ogre
  3832 | D:5      | HP: 1/44 [two-headed ogre/+0 giant club (16)]
  3832 | D:5      | Slain by an orc

Levels and vault maps discovered:
D:1:      tarquinn_simple_flora_water_b, layout_rooms,
          chequers_serial_rivers_micro_b, serial_bayou_lagoon_a
D:2:      layout_basic, basic_altar
D:3:      layout_basic
D:4:      layout_loops_ring, nicolae_ru_the_path_less_chosen,
          nicolae_sif_muna_condensation, nicolae_dithmenos_the_darkroom,
          minmay_temple_entry_stoned_glass, minmay_manual_moon
D:5:      layout_basic, kennysheep_mini, nicolae_take_the_stairs,
          minmay_ruined_shrine
Temple:   nicolae_temple_superstar

Skill      XL: |  1  2  3  4  5  6  7 |
---------------+----------------------+-----
Axes           | 2 3 4 5 6 |  6.0
Fighting       | 4 |  4.7
Dodging        | 1 |  1.6
Armour         | |  3.2
Shields        | |  3.2

Action                     |  1- 3 |  4- 6 |  7- 9 || total
---------------------------+-------+-------+-------++-------
  Melee: War axe           |    98 |   131 |    12 ||   241
  Throw: Boomerang         |     5 |     8 |       ||    13
    Use: Scroll            |    11 |     4 |       ||    15
         Potion            |     1 |       |       ||     1
 Armour: Scale mail        |    37 |    16 |       ||    53
         Chain mail        |       |    47 |     7 ||    54
  Dodge: Dodged            |    40 |    36 |     3 ||    79
  Block: Buckler           |    14 |    16 |     1 ||    31

Table legend:
 A = Non-vault XP
 B = Vault XP
 C = Vault XP percentage of total XP
 D = Non-vault monster count
 E = Vault monster count
 F = Vault count percentage of total count
                 A         B        C        D         E       F
            +---------+---------+-------+---------+---------+-------
      Total |     759 |      11 |   1.4 |      79 |       6 |   7.1
            +---------+---------+-------+---------+---------+-------
        D:1 |      39 |       0 |   0.0 |      23 |       0 |   0.0
        D:2 |      42 |       0 |   0.0 |      17 |       0 |   0.0
        D:3 |      93 |       0 |   0.0 |      18 |       0 |   0.0
        D:4 |     284 |      11 |   3.7 |      14 |       6 |  30.0
        D:5 |     301 |       0 |   0.0 |       7 |       0 |   0.0
            +---------+---------+-------+---------+---------+-------
